 Dungeon Crawl Stone Soup version 0.25-a0-294-gea9b1ad378 (webtiles) character file.

Game seed: 2943796849723128314, levelgen mode: deterministic

84 Error4North the Shield-Bearer (level 4, -4/40 HPs)
             Began as a Hill Orc Fighter on Dec 19, 2019.
             Slain by a gnoll
             ... wielding a +0 halberd
              (8 damage)
             ... on level 2 of the Dungeon.
             The game lasted 00:06:53 (1332 turns).

Error4North the Shield-Bearer (Hill Orc Fighter)    Turns: 1332, Time: 00:06:54

Health: -4/40      AC:  6    Str: 24    XL:     4   Next: 45%
Magic:  5/5        EV:  7    Int:  8    God:
Gold:   89         SH: 10    Dex: 10    Spells: 5/5 levels left

rFire    . . .     SeeInvis .   a - +0 war axe
rCold    . . .     Gourm    .   c - +0 shield
rNeg     . . .     Faith    .   b - +0 scale mail
rPois    .         Spirit   .   (no helmet)
rElec    .         Reflect  .   (no cloak)
rCorr    .         Harm     .   (no gloves)
MR       .....                  (no boots)
Stlth    ..........             (no amulet)
HPRegen  0.13/turn              (no ring)
MPRegen  0.09/turn              (no ring)

@: mighty
A: no striking features
a: no special abilities


You were on level 2 of the Dungeon.
You were not hungry.

You visited 1 branch of the dungeon, and saw 2 of its levels.

You collected 89 gold pieces.

Inventory:

Hand Weapons
 a - a +0 war axe (weapon)
Missiles
 l - 66 stones (quivered)
Armour
 b - a +0 scale mail (worn)
 c - a +0 shield (worn)
Wands
 n - a wand of random effects (16)
Scrolls
 e - a scroll of amnesia {unknown}
 h - 2 scrolls of teleportation {unknown}
 i - a scroll of remove curse {unknown}
 k - 2 scrolls of identify {unknown}
 o - a scroll of magic mapping {unknown}
Potions
 j - 2 potions of brilliance {unknown}
 m - 2 potions of agility {unknown}
 p - a potion of degeneration {unknown}
Comestibles
 f - 5 rations
 g - a chunk of flesh


   Skills:
 * Level 4.1 Fighting
 + Level 3.3 Axes
 + Level 3.5 Armour
 + Level 0.2 Dodging
 * Level 4.3 Shields
 * Level 1.0 Spellcasting


You had 5 spell levels left.
You didn't know any spells.
Your spell library was empty.

Dungeon Overview and Level Annotations

Branches:
Dungeon (2/15)

Altars:
Ashenzari
Cheibriados
Fedhas
Hepliaklqana
Nemelex Xobeh
Qazlal
Sif Muna
Trog
Zin
The Shining One


Message History

You feel very mighty all of a sudden. You block the gnoll's attack.
The goblin hits you but does no damage.
You closely miss the gnoll.
The gnoll is heavily wounded.
You completely miss the goblin. The goblin hits you but does no damage.
The gnoll hits you with a +0 halberd.
* * * LOW HITPOINT WARNING * * *
You completely miss the gnoll.
The gnoll is heavily wounded.
You closely miss the goblin. The goblin hits you but does no damage.
The gnoll hits you but does no damage. You block the goblin's attack.
You closely miss the gnoll.
The gnoll is heavily wounded.
You slash the goblin!
You kill the goblin!
You block the gnoll's attack. x2
Your shield and scale mail prevent you from hitting the gnoll.
The gnoll is heavily wounded.
The gnoll hits you with a +0 halberd!
You die...

###### ### #....> ..#
#.P.P. ##.## ##.♣P.. #
.. ##...## #P.♣♣.P
.....##.....## #P.♣♣♣♣
.....#)......### #♣P.♣P♣
......g@._.....# #.PP♣♣P
.....#.......#.###P..P..
... ##.....##.##...P...
. ##...##.....#.....
##.##....#####..^
#.)....## ##.. #......#
#.. #......# ##..
######.## #...


You could see a gnoll.

Vanquished Creatures
  An adder (D:2)
  2 worms (D:2)
  2 dart slugs
  A leopard gecko (D:1)
  10 bats
  3 giant cockroaches
  12 goblins
  3 hobgoblins (D:1)
  10 jackals
  3 kobolds
  3 frilled lizards
  7 rats
57 creatures vanquished.

Notes
Turn   | Place    | Note
-------+----------+-------------------------------------------
     0 | D:1      | Error4North the Hill Orc Fighter began the quest for the
                  | Orb.
     0 | D:1      | Reached XP level 1. HP: 19/19 MP: 1/1
   182 | D:1      | Reached XP level 2. HP: 26/27 MP: 2/2
   275 | D:1      | Reached XP level 3. HP: 28/33 MP: 3/3
   821 | D:2      | Found a glowing golden altar of the Shining One.
   821 | D:2      | Found a hazy altar of Hepliaklqana.
   821 | D:2      | Found a bloodstained altar of Trog.
   821 | D:2      | Found a blossoming altar of Fedhas.
   821 | D:2      | Found a shimmering blue altar of Sif Muna.
   822 | D:2      | Found a stormy altar of Qazlal.
   822 | D:2      | Found a shattered altar of Ashenzari.
   823 | D:2      | Found a sparkling altar of Nemelex Xobeh.
   872 | D:2      | Reached XP level 4. HP: 25/40 MP: 3/5
  1070 | D:2      | Found a glowing silver altar of Zin.
  1303 | D:2      | Reached skill level 1 in Spellcasting
  1316 | D:2      | Found a snail-covered altar of Cheibriados.
  1332 | D:2      | Slain by a gnoll

Levels and vault maps discovered:
D:1:      elethiomel_arrival_infinity_welcomes_careful_drivers, layout_basic
D:2:      layout_rooms, lemuel_round_altar, old_standard_altar,
          grunt_temple_overflow_open, first_ration, serial_forest,
          infiniplex_forest_fountain, infiniplex_forest_end_3,
          infiniplex_forest_clump_medium, infiniplex_forest_straight_4,
          infiniplex_forest_clump_small, infiniplex_forest_lined_ring

Skill      XL: |  1  2  3  4 |
---------------+-------------+-----
Fighting       | 4 |  4.1
Axes           | 3 |  3.3
Shields        | 4 |  4.3
Spellcasting   | 1 |  1.0
Armour         | |  3.5
Dodging        | |  0.2

Action                   |  1- 3 |  4- 6 || total
-------------------------+-------+-------++-------
Melee: War axe           |   117 |    53 ||   170
Throw: Stone             |     3 |     6 ||     9
  Use: Potion            |       |     1 ||     1
  Eat: Chunk             |       |     2 ||     2
Armor: Scale mail        |   103 |    19 ||   122
Dodge: Dodged            |    69 |     5 ||    74
Block: Shield            |   101 |    18 ||   119

Table legend:
 A = Non-vault XP
 B = Vault XP
 C = Vault XP percentage of total XP
 D = Non-vault monster count
 E = Vault monster count
 F = Vault count percentage of total count
                 A         B        C        D         E       F
            +---------+---------+-------+---------+---------+-------
      Total |     120 |       0 |   0.0 |      57 |       0 |   0.0
            +---------+---------+-------+---------+---------+-------
        D:1 |      61 |       0 |   0.0 |      33 |       0 |   0.0
        D:2 |      59 |       0 |   0.0 |      24 |       0 |   0.0
            +---------+---------+-------+---------+---------+-------
